Map: 锈化山巅-天梯版

Players

iGMacSed (MacSed)

  • Race: Protoss Protoss
  • League: Grandmaster

CoffeeMs (Coffee) - Winner!

  • Race: Terran Terran
  • League: Master

Event: DreamHack SC2 Masters 2021 Fall

VOD

Have the link to the VOD?

Description

Time

  • Played on: Aug. 4, 2021, 10 a.m.
  • Length: 10:44

All games in this series

Show
View Real Time Build Order
Export as new Build Order

iGMacSed Protoss 

Build Orders: 1 Gate Expand, Archon Immortal, Archon Drop, Dark Templar Rush 

Get SALT Encoding   

  12  0:00  Probe  
  13  0:12  Probe  
  14  0:17  Pylon  
  14  0:24  Probe (Chrono Boost)  
  16  0:36  Gateway, Probe (Chrono Boost)  
  16  0:43  Probe (Chrono Boost)  
  16  0:46  Assimilator  
  17  0:50  Probe  
  18  1:02  Probe  
  19  1:15  Probe  
  20  1:24  Cybernetics Core  
  20  1:33  Nexus  
  20  1:39  Pylon  
  20  1:43  Probe  
  21  1:55  Probe  
  21  1:59  Assimilator, Adept (Chrono Boost)  
  22  2:03  Warp Gate  
  24  2:10  Probe  
  25  2:23  Probe (Chrono Boost)  
  25  2:27  Twilight Council  
  26  2:34  Probe (Chrono Boost)  
  27  2:39  Probe (Chrono Boost)  
  28  2:45  Probe  
  28  2:48  Robotics Facility  
  28  2:49  Probe  
  30  2:55  Gateway  
  30  2:57  Probe  
  31  3:01  Probe  
  32  3:09  Probe  
  32  3:11  Dark Shrine  
  33  3:13  Probe  
  33  3:19  Gateway  
  34  3:24  Shield Battery  
  34  3:26  Probe  
  35  3:28  Probe  
  36  3:35  Warp Prism (Chrono Boost)  
  36  3:40  Probe  
  39  3:42  Probe  
  40  3:49  Pylon  
  40  3:52  Stalker  
  40  3:54  Probe  
  40  3:55  Probe  
  44  3:58  Assimilator  
  44  4:06  Probe  
  44  4:07  Probe  
  47  4:18  Probe  
  47  4:19  Probe  
  47  4:21  Adept  
  50  4:26  Dark Templar x2  
  54  4:31  Pylon  
  54  4:43  Probe  
  54  4:49  Probe  
  54  4:51  Dark Templar, Archon  
  57  4:55  Probe  
  57  4:58  Nexus  
  57  4:59  Dark Templar  
  60  5:01  Probe  
  60  5:03  Charge (Chrono Boost)  
  60  5:04  Archon  
  61  5:07  Probe  
  61  5:09  Shield Battery  
  61  5:11  Pylon  
  62  5:25  Pylon  
  62  5:29  Sentry, Probe x2, Immortal (Chrono Boost)  
  70  5:42  Gateway  
  70  5:44  Gateway  
  70  5:46  Gateway  
  70  5:50  Gateway  
  70  5:51  Gateway  
  70  5:52  Sentry x2  
  70  5:53  Zealot  
  70  5:56  Pylon  
  76  6:06  Pylon  
  76  6:09  Immortal (Chrono Boost)  
  76  6:11  Probe x2  
  82  6:13  Probe  
  83  6:20  Pylon  
  83  6:23  Pylon, Probe  
  84  6:27  Dark Templar  
  84  6:29  Probe x2  
  84  6:30  Pylon  
  88  6:38  Dark Templar  
  86  6:42  Archon  
  86  6:43  Zealot x4  
  86  6:45  Probe x3  
  95  6:56  Stalker x2  
  99  7:01  Pylon  
  99  7:03  Stalker x2  
  99  7:04  Zealot x2  
  107  7:08  Shield Battery  
  107  7:15  Zealot x2  
  111  7:18  Immortal  
  111  7:22  Zealot x2  
  115  7:35  Zealot x6  
  117  7:38  Shield Battery  
  117  7:49  Zealot x2  
  117  7:56  Zealot  
  117  7:57  Zealot x4  
  107  8:06  Zealot  
  107  8:11  Blink (Chrono Boost)  
  97  8:14  Probe x2  
  97  8:18  Forge  
  99  8:21  Robotics Bay  
  99  8:23  Forge, Stalker x4  
  105  8:28  Immortal (Chrono Boost)  
  105  8:32  Probe  
  105  8:33  Probe  
  111  8:34  Probe  
  111  8:35  Assimilator  
  112  8:44  Probe  
  112  8:45  Assimilator, Pylon, Zealot  
  116  8:48  Probe  
  116  8:54  Zealot x2  
  116  8:59  Zealot x4  
  114  9:07  Zealot x2  
  100  9:15  Disruptor (Chrono Boost)  
  100  9:16  Zealot x2  
  102  9:21  Zealot x2  
  102  9:23  Sentry x2  
  103  9:30  Shield Battery  
  103  9:31  Shield Battery  
  101  9:34  Zealot x2  
  99  9:40  Disruptor (Chrono Boost), Zealot x2  
  92  9:53  Zealot x4  
  96  10:05  Zealot  
  96  10:06  Zealot x3  
  76  10:18  Stalker  
  76  10:19  Stalker x3  
  81  10:26  Zealot x4  
Show
View Real Time Build Order
Export as new Build Order

CoffeeMs Terran - Winner!

Build Orders: Reaper Expand 

Get SALT Encoding   

  12  0:00  SCV  
  13  0:12  SCV  
  14  0:17  Supply Depot  
  14  0:24  SCV  
  15  0:39  SCV, Barracks  
  16  0:43  Refinery  
  16  0:51  SCV  
  17  1:03  SCV  
  18  1:15  SCV  
  19  1:27  Reaper, Orbital Command  
  20  1:44  Command Center  
  20  1:53  Supply Depot  
  20  1:56  SCV  
  20  1:59  Marine  
  22  2:08  SCV  
  23  2:12  Factory  
  23  2:20  Bunker  
  23  2:22  SCV  
  24  2:24  Barracks Reactor  
  24  2:29  Refinery  
  24  2:34  SCV  
  25  2:46  SCV  
  26  2:56  Hellion  
  26  2:57  Starport  
  28  2:58  SCV  
  28  3:00  Orbital Command  
  29  3:06  Marine  
  29  3:07  Marine  
  31  3:13  SCV  
  31  3:18  Factory Tech Lab  
  31  3:19  Supply Depot  
  32  3:25  SCV  
  32  3:26  SCV  
  34  3:30  Marine x2  
  36  3:37  SCV  
  36  3:39  SCV  
  36  3:40  Barracks  
  38  3:42  Raven  
  38  3:45  Factory Tech Lab  
  40  3:50  Refinery, SCV  
  40  3:51  SCV  
  40  3:55  Marine x2  
  44  4:05  Siege Tank  
  44  4:07  Supply Depot  
  44  4:08  SCV x2  
  49  4:14  Marine x2  
  51  4:20  SCV  
  51  4:29  SCV  
  51  4:30  Supply Depot  
  52  4:32  SCV  
  52  4:33  Marine x2  
  52  4:36  Barracks, Engineering Bay  
  52  4:38  Stimpack  
  55  4:46  Siege Tank  
  55  4:50  SCV x2  
  55  4:52  Starport Reactor  
  60  4:53  Marine  
  61  5:02  Missile Turret  
  61  5:04  SCV x2  
  61  5:05  Marine x2  
  65  5:10  Supply Depot  
  65  5:11  Terran Infantry Weapons Level 1  
  63  5:16  SCV x2  
  63  5:20  Missile Turret  
  65  5:28  SCV x2  
  67  5:29  Marine x2  
  67  5:30  Marine  
  67  5:31  Marine, Combat Shield  
  67  5:32  Factory Reactor  
  70  5:37  Supply Depot  
  68  5:47  SCV x2  
  68  5:48  Medivac x2  
  74  5:57  Refinery  
  74  5:58  Supply Depot  
  74  5:59  Marine x2  
  74  6:01  Supply Depot  
  74  6:02  SCV x2  
  78  6:09  Marine x2  
  80  6:13  Widow Mine x2  
  80  6:14  SCV x2  
  86  6:19  Supply Depot  
  86  6:29  Marine x2, Marauder  
  86  6:30  Medivac x2, Marauder  
  92  6:45  Widow Mine  
  92  6:46  Widow Mine  
  96  6:48  SCV x2  
  96  6:51  Marauder x2  
  102  6:57  Marine  
  102  6:58  Marine, Concussive Shells  
  106  7:04  Supply Depot  
  106  7:07  Widow Mine  
  108  7:10  Medivac  
  108  7:13  Medivac, Command Center  
  110  7:20  Supply Depot  
  110  7:26  Widow Mine, Marauder x2  
  110  7:28  Widow Mine  
  111  7:39  Marine x2  
  111  7:40  Medivac  
  111  7:43  Medivac  
  117  7:47  Marauder x2  
  121  7:53  Widow Mine x2  
  121  7:57  Marine x2  
  126  8:03  SCV  
  126  8:04  Barracks x2  
  126  8:05  SCV  
  125  8:09  Marauder x2  
  113  8:15  SCV  
  113  8:17  SCV  
  113  8:18  Widow Mine x2  
  119  8:27  SCV  
  119  8:29  SCV  
  119  8:30  Terran Infantry Armor Level 1  
  121  8:36  Liberator  
  121  8:37  Liberator  
  121  8:38  Marauder x2  
  121  8:40  Marine x2  
  131  8:42  Missile Turret  
  131  8:43  Widow Mine x2  
  135  8:50  Orbital Command  
  130  9:00  Marauder x2  
  123  9:14  SCV x2  
  123  9:17  Barracks Reactor, Barracks Tech Lab  
  119  9:18  Marine x2  
  119  9:19  Widow Mine x2  
  119  9:20  SCV  
  119  9:21  Marauder x2  
  130  9:26  SCV  
  130  9:30  Liberator  
  134  9:32  Liberator  
  135  9:38  Marine x2, Marauder  
  135  9:42  Marauder  
  135  9:43  Marauder  
  133  9:58  Marine x2  
  133  9:59  Widow Mine x2  
  138  10:00  Marauder  
  138  10:04  Marauder x2  
  138  10:06  Marine x2  
  142  10:07  SCV  
  136  10:15  Marine x2  
  138  10:21  Marauder  
  138  10:23  Marine  
  141  10:29  SCV x2  

Tags
 
Add a new tag
Caveats
  • Supply blocks, unpowered buildings, or Contaminate may cause inaccurate times.
  • Supply counts are checked every 10 seconds.